ESL (28 & UNDER)
MT PLEASANT BEARCATS @ NEWARK BULLDOGS
07/08/2026
 
TOP OF THE 1ST
Mt Pleasant Bearcats batting - Pitching for Newark Bulldogs : RHP Jesús Martínez
Pitching: RHP Jesús Martínez
Batting: LHB Colm Massey 0-0: Called Strike
0-1: Foul Ball, location: 2F
0-2: Foul Ball, location: 2F
0-2: Strikes out swinging
Batting: RHB Ryosei Yamamoto 0-0: Ball
1-0: Called Strike
1-1: Fly out, F8 (Flyball, 89S)
Batting: SHB Roberto Rivera 0-0: Ball
1-0: Foul Ball, location: 2F
1-1: Foul Ball, location: 2F
1-2: Foul Ball, location: 2F
1-2: Ball
2-2: Foul Ball, location: 2F
2-2: Foul Ball, location: 2F
2-2: Fly out, F7 (Flyball, 7M)
Top of the 1st over - 0 run(s), 0 hit(s), 0 error(s), 0 left on base; Mt Pleasant 0 - Newark 0
BOTTOM OF THE 1ST
Newark Bulldogs batting - Pitching for Mt Pleasant Bearcats : LHP Félix García
Pitching: LHP Félix García
Batting: LHB Gerardo Guzmán 0-0: Fly out, F7 (Flyball, 7M)
Batting: RHB Leonardo Pinto 0-0: Ball
1-0: Fly out, F9 (Flyball, 89M)
Batting: RHB Randy Simons 0-0: Ball
1-0: Ball
2-0: Foul Ball, location: 2F
2-1: Foul Ball, location: 2F
2-2: Ball
3-2: Base on Balls
Batting: RHB Perry Henry 0-0: Ball
1-0: Called Strike
1-1: Ball
2-1: Called Strike
2-2: Ball
Randy Simons is caught stealing 2nd base
Bottom of the 1st over - 0 run(s), 0 hit(s), 0 error(s), 0 left on base; Mt Pleasant 0 - Newark 0
TOP OF THE 2ND
Mt Pleasant Bearcats batting - Pitching for Newark Bulldogs : RHP Jesús Martínez
Batting: LHB Robert Moore 0-0: Called Strike
0-1: Foul Ball, location: 2F
0-2: Ball
1-2: Ball
2-2: Strikes out swinging
Batting: RHB Pat Fernández 0-0: Ball
1-0: Ball
2-0: Foul Ball, location: 2F
2-1: Foul Ball, location: 2F
2-2: Foul Ball, location: 2F
2-2: Foul Ball, location: 2F
2-2: Foul Ball, location: 2F
2-2: Ball
3-2: Base on Balls
Batting: RHB Ricardo Salazar 0-0: Called Strike
0-1: Ball
1-1: Grounds into double play, 4-6-3 (Groundball, 4)
Top of the 2nd over - 0 run(s), 0 hit(s), 0 error(s), 0 left on base; Mt Pleasant 0 - Newark 0
BOTTOM OF THE 2ND
Newark Bulldogs batting - Pitching for Mt Pleasant Bearcats : LHP Félix García
Batting: RHB Perry Henry 0-0: Swinging Strike
0-1: Ball
1-1: Swinging Strike
1-2: Ball
2-2: Ball
3-2: Strikes out swinging
Batting: LHB Marvin Morris 0-0: Ball
1-0: Foul Ball, location: 2F
1-1: Ball
2-1: Foul Ball, location: 2F
2-2: Ball
3-2: Foul Ball, location: 2F
3-2: Strikes out looking
Batting: LHB Owen Moreno 0-0: Foul Ball, location: 2F
0-1: Foul Ball, location: 2F
0-2: Ball
1-2: Ball
2-2: DOUBLE (Line Drive, 9LD)
Batting: RHB Jason Smith 0-0: Ball
1-0: Called Strike
1-1: SINGLE (Line Drive, 3L)
Owen Moreno to third
Runner from 3rd tries for Home, SAFE, no throw or cutoff
Batting: RHB António Flores 0-0: Ball
1-0: Ball
2-0: Foul Ball, location: 2F
2-1: Ground out 5-3 (Groundball, 5S)
Bottom of the 2nd over - 1 run(s), 2 hit(s), 0 error(s), 1 left on base; Mt Pleasant 0 - Newark 1
TOP OF THE 3RD
Mt Pleasant Bearcats batting - Pitching for Newark Bulldogs : RHP Jesús Martínez
Batting: RHB Jeffrey Hicks 0-0: Ball
1-0: Ball
2-0: Ball
3-0: Called Strike
3-1: Base on Balls
Batting: RHB Fernando Pérez 0-0: Ball
1-0: Called Strike
1-1: Ball
2-1: Ball
Error on foul ball, E3
3-2: Fly out, F8 (Flyball, 8LM)
Batting: SHB William Hamilton 0-0: Ball
1-0: Called Strike
1-1: Fielders Choice at 2nd, 4-6 (Groundball, 4M)
Batting: LHB Colm Massey 0-0: Ball
1-0: Ball
2-0: Foul Ball, location: 2F
2-1: Ball
3-1: Called Strike
3-2: Foul Ball, location: 2F
3-2: Foul Ball, location: 2F
3-2: Foul Ball, location: 2F
3-2: Base on Balls
William Hamilton to second
Batting: RHB Ryosei Yamamoto 0-0: Ball
1-0: Ball
2-0: SINGLE (Groundball, 56D)
William Hamilton to third
Colm Massey to second
Runner from 3rd tries for Home, SAFE, no throw or cutoff
Batting: SHB Roberto Rivera 0-0: Fielders Choice at 2nd, U4 (Groundball, 4M)
Top of the 3rd over - 1 run(s), 1 hit(s), 1 error(s), 2 left on base; Mt Pleasant 1 - Newark 1
BOTTOM OF THE 3RD
Newark Bulldogs batting - Pitching for Mt Pleasant Bearcats : LHP Félix García
Batting: RHB Pablo Gómez 0-0: Called Strike
0-1: Swinging Strike
0-2: Strikes out swinging
Batting: LHB Gerardo Guzmán 0-0: Called Strike
0-1: Called Strike
0-2: Ball
1-2: Ball
2-2: Strikes out looking
Batting: RHB Leonardo Pinto 0-0: SINGLE (Groundball, 34D)
Batting: RHB Randy Simons 0-0: Ball
1-0: Fly out, F9 (Flyball, 9M)
Bottom of the 3rd over - 0 run(s), 1 hit(s), 0 error(s), 1 left on base; Mt Pleasant 1 - Newark 1
TOP OF THE 4TH
Mt Pleasant Bearcats batting - Pitching for Newark Bulldogs : RHP Jesús Martínez
Batting: LHB Robert Moore 0-0: Called Strike
0-1: Swinging Strike
0-2: Strikes out swinging
Batting: RHB Pat Fernández 0-0: Ball
1-0: Ball
2-0: Called Strike
2-1: Foul Ball, location: 2F
2-2: SINGLE (Line Drive, 7LS)
Batting: RHB Ricardo Salazar 0-0: Ball
1-0: Foul Ball, location: 2F
1-1: Fly out, F8 (Flyball, 78M)
Batting: RHB Jeffrey Hicks 0-0: Ball
1-0: Foul Ball, location: 2F
1-1: Called Strike
1-2: Strikes out swinging
Top of the 4th over - 0 run(s), 1 hit(s), 0 error(s), 1 left on base; Mt Pleasant 1 - Newark 1
BOTTOM OF THE 4TH
Newark Bulldogs batting - Pitching for Mt Pleasant Bearcats : LHP Félix García
Batting: RHB Perry Henry 0-0: Ball
1-0: Swinging Strike
1-1: Fly out, F8 (Line Drive, 8RS)
Batting: LHB Marvin Morris 0-0: Ball
1-0: Swinging Strike
1-1: Ball
2-1: Foul Ball, location: 2F
2-2: Foul Ball, location: 2F
2-2: Ball
3-2: Foul Ball, location: 2F
3-2: Strikes out swinging
Batting: LHB Owen Moreno 0-0: Ball
1-0: Fly out, F7 (Flyball, 7M)
Bottom of the 4th over - 0 run(s), 0 hit(s), 0 error(s), 0 left on base; Mt Pleasant 1 - Newark 1
TOP OF THE 5TH
Mt Pleasant Bearcats batting - Pitching for Newark Bulldogs : RHP Jesús Martínez
Batting: RHB Fernando Pérez 0-0: Foul Ball, location: 2F
0-1: Foul Ball, location: 2F
0-2: Reached on error, E6 (Groundball, 6)
Batting: SHB William Hamilton 0-0: Called Strike
0-1: Fly out, F4 (Popup, 4M)
Batting: LHB Colm Massey 0-0: Ground out 6-3 (Groundball, 56)
Fernando Pérez to second
Batting: RHB Ryosei Yamamoto 0-0: Ball
1-0: Foul Ball, location: 2F
1-1: Foul Ball, location: 2F
1-2: Foul Ball, location: 2F
1-2: Ball
2-2: Ball
3-2: Base on Balls
Batting: SHB Roberto Rivera 0-0: Swinging Strike
0-1: Ball
1-1: SINGLE (Line Drive, 56)
Fernando Pérez to third
Ryosei Yamamoto to second
Runner from 3rd tries for Home, SAFE, no throw or cutoff
Batting: LHB Robert Moore 0-0: Called Strike
0-1: Ground out 4-3 (Groundball, 34)
Top of the 5th over - 1 run(s), 1 hit(s), 1 error(s), 2 left on base; Mt Pleasant 2 - Newark 1
BOTTOM OF THE 5TH
Newark Bulldogs batting - Pitching for Mt Pleasant Bearcats : LHP Félix García
Batting: RHB Jason Smith 0-0: Ball
1-0: Ground out 4-3 (Groundball, 4)
Batting: RHB António Flores 0-0: Ball
1-0: Foul Ball, location: 2F
1-1: Foul Ball, location: 2F
1-2: Ball
2-2: Foul Ball, location: 2F
2-2: Strikes out swinging
Batting: RHB Pablo Gómez 0-0: Ball
1-0: Ball
2-0: Foul Ball, location: 2F
2-1: SOLO HOME RUN (Flyball, 8RXD), Distance : 407 ft
Batting: LHB Gerardo Guzmán 0-0: Ball
1-0: Foul Ball, location: 2F
1-1: Ball
2-1: SINGLE (Line Drive, 34D)
Batting: RHB Leonardo Pinto 0-0: Ball
Gerardo Guzmán steals 2nd base
1-0: Foul Ball, location: 2F
1-1: Called Strike
1-2: Foul Ball, location: 2F
1-2: Ball
2-2: Ball
3-2: Ground out 6-3 (Groundball, 6M)
Bottom of the 5th over - 1 run(s), 2 hit(s), 0 error(s), 1 left on base; Mt Pleasant 2 - Newark 2
TOP OF THE 6TH
Mt Pleasant Bearcats batting - Pitching for Newark Bulldogs : RHP Jesús Martínez
Batting: RHB Pat Fernández 0-0: Ball
1-0: Ground out 6-3 (Groundball, 6)
Batting: RHB Ricardo Salazar 0-0: Ball
1-0: Called Strike
1-1: Ball
2-1: SINGLE (Line Drive, 6MD)
Pitching: RHP Jim Cook
Batting: RHB Jeffrey Hicks 0-0: Called Strike
0-1: Ball
1-1: Called Strike
1-2: Foul Ball, location: 2F
1-2: Strikes out swinging
Batting: RHB Fernando Pérez 0-0: Foul Ball, location: 2F
0-1: Called Strike
0-2: Ball
1-2: Fly out, F7 (Flyball, 7M)
Top of the 6th over - 0 run(s), 1 hit(s), 0 error(s), 1 left on base; Mt Pleasant 2 - Newark 2
BOTTOM OF THE 6TH
Newark Bulldogs batting - Pitching for Mt Pleasant Bearcats : LHP Félix García
Pitching: RHP Jorge Amador
Batting: RHB Randy Simons 0-0: Ball
1-0: Called Strike
1-1: Foul Ball, location: 2F
1-2: Strikes out looking
Batting: RHB Perry Henry 0-0: Ball
1-0: Ball
2-0: Ball
3-0: Base on Balls
Batting: LHB Marvin Morris 0-0: Ball
Throwing error on steal attempt, E2
Perry Henry to third
1-0: Foul Ball, location: 2F
1-1: Called Strike
1-2: Ball
2-2: Ground out 1-3 (Groundball, 13S)
Batting: LHB Owen Moreno 0-0: Foul Ball, location: 2F
0-1: Ball
1-1: Called Strike
1-2: Ball
2-2: Ball
3-2: Base on Balls
Batting: RHB Jason Smith 0-0: Ground out 1-3 (Groundball, 13S)
Bottom of the 6th over - 0 run(s), 0 hit(s), 1 error(s), 2 left on base; Mt Pleasant 2 - Newark 2
TOP OF THE 7TH
Mt Pleasant Bearcats batting - Pitching for Newark Bulldogs : RHP Jim Cook
Batting: SHB William Hamilton 0-0: Ground out 6-3 (Groundball, 6)
Batting: LHB Colm Massey 0-0: Ball
1-0: Foul Ball, location: 2F
1-1: Swinging Strike
1-2: Ground out 6-3 (Groundball, 6)
Batting: RHB Ryosei Yamamoto 0-0: Ball
1-0: Called Strike
1-1: Ball
2-1: SINGLE (Groundball, 5S)
Batting: SHB Roberto Rivera 0-0: Swinging Strike
0-1: Called Strike
0-2: Ball
1-2: Foul Ball, location: 2F
1-2: Foul Ball, location: 2F
1-2: DOUBLE (Line Drive, 8LXD)
Ryosei Yamamoto to third
Batting: LHB Robert Moore 0-0: Ball
1-0: Ball
2-0: Called Strike
2-1: Ball
3-1: Swinging Strike
3-2: Fly out, F7 (Flyball, 7M)
Top of the 7th over - 0 run(s), 2 hit(s), 0 error(s), 2 left on base; Mt Pleasant 2 - Newark 2
BOTTOM OF THE 7TH
Newark Bulldogs batting - Pitching for Mt Pleasant Bearcats : RHP Jorge Amador
Batting: RHB António Flores 0-0: Foul Ball, location: 2F
0-1: Ball
1-1: Swinging Strike
1-2: Ground out 4-3 (Groundball, 4M)
Batting: RHB Pablo Gómez 0-0: Ball
1-0: Ball
2-0: Reached on error, E4 (Groundball, 4)
Batting: LHB Gerardo Guzmán 0-0: Intentional Walk
Batting: RHB Leonardo Pinto 0-0: Called Strike
0-1: Swinging Strike
0-2: Strikes out swinging
Batting: RHB Randy Simons 0-0: Ball
1-0: Called Strike
1-1: Called Strike
1-2: Foul Ball, location: 2F
1-2: Fly out, F8 (Flyball, 89D)
Bottom of the 7th over - 0 run(s), 0 hit(s), 1 error(s), 2 left on base; Mt Pleasant 2 - Newark 2
TOP OF THE 8TH
Mt Pleasant Bearcats batting - Pitching for Newark Bulldogs : RHP Jim Cook
Batting: RHB Pat Fernández 0-0: Ball
1-0: Called Strike
1-1: Swinging Strike
1-2: Strikes out swinging
Pitching: RHP Chris Johns
Batting: RHB Ricardo Salazar 0-0: Foul Ball, location: 2F
0-1: Ball
1-1: Swinging Strike
1-2: Ball
2-2: Strikes out swinging
Batting: RHB Jeffrey Hicks 0-0: Ball
1-0: Ground out U3 (Groundball, 3L)
Top of the 8th over - 0 run(s), 0 hit(s), 0 error(s), 0 left on base; Mt Pleasant 2 - Newark 2
BOTTOM OF THE 8TH
Newark Bulldogs batting - Pitching for Mt Pleasant Bearcats : RHP Jorge Amador
Pitching: LHP José Chávez
Batting: RHB Perry Henry 0-0: Called Strike
0-1: Swinging Strike
0-2: SINGLE (Line Drive, 3)
Pinch Hitting: RHB Emílio Salas 0-0: Ball
1-0: Grounds into double play, 6-4-3 (Groundball, 6)
Pinch Hitting: RHB Carl Byrd 0-0: Ball
1-0: Ball
2-0: Ball
3-0: Fly out, F4 (Popup, 34)
Bottom of the 8th over - 0 run(s), 1 hit(s), 0 error(s), 0 left on base; Mt Pleasant 2 - Newark 2
TOP OF THE 9TH
Mt Pleasant Bearcats batting - Pitching for Newark Bulldogs : RHP Chris Johns
Pitching: RHP Bartolo Rodríguez
Now at 1B: Rocky Whitcomb
Now in LF: Carl Byrd
Pinch Hitting: RHB Yasutoki Kojima 0-0: Ground out 6-3 (Groundball, 6M)
Batting: SHB William Hamilton 0-0: Called Strike
0-1: Swinging Strike
0-2: Strikes out swinging passed ball, reaches first!
Batting: LHB Colm Massey 0-0: Ball
1-0: Swinging Strike
1-1: Ball
2-1: Swinging Strike
2-2: Foul Ball, location: 2F
2-2: Foul Ball, location: 2F
2-2: Strikes out swinging
Batting: RHB Ryosei Yamamoto 0-0: Called Strike
0-1: Ball
1-1: Foul Ball, location: 2F
1-2: Strikes out looking
Top of the 9th over - 0 run(s), 0 hit(s), 0 error(s), 1 left on base; Mt Pleasant 2 - Newark 2
BOTTOM OF THE 9TH
Newark Bulldogs batting - Pitching for Mt Pleasant Bearcats : LHP José Chávez
Now at SS: Irving Galloway
Batting: RHB Jason Smith 0-0: Ball
1-0: Ball
2-0: Ball
3-0: Base on Balls
Batting: RHB António Flores 0-0: Sac Bunt - play at first, batter OUT! 5-4
Jason Smith to second
Batting: RHB Pablo Gómez 0-0: Ball
1-0: Called Strike
Jason Smith steals 3rd base
1-1: Intentional Walk
Batting: LHB Gerardo Guzmán 0-0: Ball
1-0: Called Strike
1-1: Foul Ball, location: 2F
1-2: Ball
2-2: Strikes out swinging
Batting: RHB Leonardo Pinto 0-0: Swinging Strike
0-1: Ball
1-1: Ball
2-1: Called Strike
2-2: Strikes out swinging
Bottom of the 9th over - 0 run(s), 0 hit(s), 0 error(s), 2 left on base; Mt Pleasant 2 - Newark 2
TOP OF THE 10TH
Mt Pleasant Bearcats batting - Pitching for Newark Bulldogs : RHP Bartolo Rodríguez
Batting: SHB Roberto Rivera 0-0: Ball
1-0: DOUBLE (Flyball, 8RXD)
Batting: LHB Robert Moore 0-0: Intentional Walk
Batting: RHB Pat Fernández 0-0: Called Strike
0-1: Ball
1-1: Ball
2-1: Foul Ball, location: 2F
Balk!
Roberto Rivera to third
Robert Moore to second
2-2: Strikes out swinging
Batting: RHB Ricardo Salazar 0-0: Called Strike
0-1: Ball
1-1: Foul Ball, location: 2F
1-2: Strikes out swinging
Batting: RHB Jeffrey Hicks 0-0: Called Strike
0-1: Ball
1-1: Foul Ball, location: 2F
1-2: Foul Ball, location: 2F
1-2: Ball
2-2: Ball
3-2: Foul Ball, location: 2F
3-2: Foul Ball, location: 2F
3-2: Strikes out swinging
Top of the 10th over - 0 run(s), 1 hit(s), 0 error(s), 2 left on base; Mt Pleasant 2 - Newark 2
BOTTOM OF THE 10TH
Newark Bulldogs batting - Pitching for Mt Pleasant Bearcats : LHP José Chávez
Batting: RHB Randy Simons 0-0: Swinging Strike
0-1: Ground out U3 (Groundball, 3S)
Batting: RHB Perry Henry 0-0: Foul Ball, location: 2F
0-1: Ball
1-1: Fly out, F8 (Flyball, 89D)
Batting: LHB Rocky Whitcomb 0-0: Ball
1-0: Swinging Strike
1-1: Foul Ball, location: 2F
1-2: Ball
2-2: Foul Ball, location: 2F
2-2: Foul Ball, location: 2F
2-2: Foul Ball, location: 2F
2-2: Fly out, F8 (Flyball, 89M)
Bottom of the 10th over - 0 run(s), 0 hit(s), 0 error(s), 0 left on base; Mt Pleasant 2 - Newark 2
TOP OF THE 11TH
Mt Pleasant Bearcats batting - Pitching for Newark Bulldogs : RHP Bartolo Rodríguez
Pitching: RHP José Gonzáles
Batting: RHB Irving Galloway 0-0: Foul Ball, location: 2F
0-1: Foul Ball, location: 2F
0-2: Strikes out swinging
Batting: SHB William Hamilton 0-0: Ball
1-0: Ball
2-0: Ball
3-0: Fly out, F9 (Flyball, 9S)
Batting: LHB Colm Massey 0-0: Ball
1-0: Fly out, F4 (Popup, 4D)
Top of the 11th over - 0 run(s), 0 hit(s), 0 error(s), 0 left on base; Mt Pleasant 2 - Newark 2
BOTTOM OF THE 11TH
Newark Bulldogs batting - Pitching for Mt Pleasant Bearcats : LHP José Chávez
Batting: RHB Carl Byrd 0-0: Called Strike
0-1: Swinging Strike
0-2: Ball
1-2: Strikes out swinging
Pitching: LHP Bob Quested
Batting: RHB Jason Smith 0-0: Ball
1-0: Swinging Strike
1-1: Ground out 6-3 (Groundball, 6)
Batting: RHB António Flores 0-0: Ball
1-0: Foul Ball, location: 2F
1-1: Reached on error, E6 (Groundball, 6)
Batting: RHB Pablo Gómez 0-0: Ball
1-0: Ground out 1-3 (Groundball, 15)
Bottom of the 11th over - 0 run(s), 0 hit(s), 1 error(s), 1 left on base; Mt Pleasant 2 - Newark 2
TOP OF THE 12TH
Mt Pleasant Bearcats batting - Pitching for Newark Bulldogs : RHP José Gonzáles
Batting: RHB Ryosei Yamamoto 0-0: Foul Ball, location: 2F
0-1: Ball
1-1: Called Strike
1-2: Fly out, F5 (Line Drive, 5)
Batting: SHB Roberto Rivera 0-0: Foul Ball, location: 2F
0-1: Ball
1-1: Ball
2-1: SINGLE (Line Drive, 78S)
Batting: LHB Robert Moore 0-0: Ball
1-0: Ball
2-0: Ball
3-0: Called Strike
3-1: Foul Ball, location: 2F
3-2: Base on Balls
Roberto Rivera to second
Batting: RHB Pat Fernández 0-0: Ball
1-0: Called Strike
1-1: Ball
2-1: Ball
3-1: Called Strike
3-2: Foul Ball, location: 2F
3-2: Base on Balls
Roberto Rivera to third
Robert Moore to second
Batting: RHB Ricardo Salazar 0-0: Ball
1-0: Ball
2-0: Ball
3-0: Base on Balls
Roberto Rivera scores
Robert Moore to third
Pat Fernández to second
Batting: RHB Jeffrey Hicks 0-0: Ball
1-0: Called Strike
1-1: Ball
2-1: Called Strike
2-2: Strikes out swinging
Batting: RHB Irving Galloway 0-0: Ball
1-0: Ball
2-0: Called Strike
2-1: Fly out, F7 (Flyball, 78M)
Top of the 12th over - 1 run(s), 1 hit(s), 0 error(s), 3 left on base; Mt Pleasant 3 - Newark 2
BOTTOM OF THE 12TH
Newark Bulldogs batting - Pitching for Mt Pleasant Bearcats : LHP Bob Quested
Now at C: Nicoli Turina
Now in RF: Carlos Luna
Batting: LHB Gerardo Guzmán 0-0: Ball
1-0: Foul Ball, location: 2F
1-1: Called Strike
1-2: Ball
2-2: Ball
3-2: Strikes out swinging
Batting: RHB Leonardo Pinto 0-0: Swinging Strike
0-1: Foul Ball, location: 2F
0-2: Ball
1-2: Foul Ball, location: 2F
1-2: DOUBLE (Line Drive, 9LS)
Batting: RHB Randy Simons 0-0: Ball
1-0: Foul Ball, location: 2F
1-1: Called Strike
1-2: Strikes out swinging
Batting: RHB Perry Henry 0-0: Foul Ball, location: 2F
0-1: Foul Ball, location: 2F
0-2: Foul Ball, location: 2F
0-2: Strikes out looking
Bottom of the 12th over - 0 run(s), 1 hit(s), 0 error(s), 1 left on base; Mt Pleasant 3 - Newark 2
Monday, December 5th, 2016 - OOTP Baseball 17.12 Build 75